 Dungeon Crawl Stone Soup version 0.30-a0-359-gd0147acb1a (webtiles) character file.

Game seed: 7093766021481508360

46 NinjaNoafa the Cutter (level 3, -2/27 HPs)
             Began as a Merfolk Gladiator on Nov 11, 2022.
             Slain by a gnoll
             ... wielding a +0 halberd
              (10 damage)
             ... on level 2 of the Dungeon.
             The game lasted 00:01:27 (1311 turns).

NinjaNoafa the Cutter (Merfolk Gladiator)           Turns: 1311, Time: 00:01:28

Health: -2/27      AC:  4    Str: 14    XL:     3   Next: 66%
Magic:  3/3        EV: 13    Int:  7    God:
Gold:   110        SH:  5    Dex: 17    Spells: 2/2 levels left

rFire   . . .      SeeInvis .    g - +2 dagger (venom)
rCold   . . .      Faith    .    (no shield)
rNeg    . . .      Spirit   .    b - +0 leather armour
rPois   .          Reflect  +    c - +0 helmet
rElec   .          Harm     .    (no cloak)
rCorr   .          Rampage  .    (no gloves)
Will    .....                    (no boots)
Stlth   +.........               o - amulet of reflection
HPRegen 0.24/turn                (no ring)
MPRegen 0.08/turn                (no ring)

@: no status effects
A: (nimble swimmer 2), mertail
a: no special abilities


You were on level 2 of the Dungeon.
You visited 1 branch of the dungeon, and saw 2 of its levels.

You collected 110 gold pieces.

Inventory:

Hand Weapons
 a - a +0 rapier
 g - a +2 dagger of venom (weapon)
Missiles
 d - 3 throwing nets (quivered)
 j - 16 stones
Armour
 b - a +0 leather armour (worn)
 c - a +0 helmet (worn)
Jewellery
 o - an amulet of reflection (around neck)
Scrolls
 e - a scroll of magic mapping {unknown}
 f - 3 scrolls of identify
 i - a scroll of teleportation {unknown}
 m - a scroll of noise {unknown}
 n - a scroll of butterflies {unknown}
Potions
 k - 2 potions of curing
 l - a potion of degeneration {unknown}
 p - a potion of heal wounds {unknown}


   Skills:
 - Level 2.1 Fighting
 + Level 5.5 Short Blades
 - Level 2.0 Throwing
 - Level 4.0 Dodging


You had 2 spell levels left.
You didn't know any spells.
Your spell library contained the following spells:

 Spells                   Type           Power      Damage    Failure   Level
 Beastly Appendage        Tmut           0%         N/A       52%         1
 Wereblood                Tmut           0%         N/A       65%         2
 Spider Form              Tmut/Pois      0%         N/A       87%         3
 Animate Dead             Necr           0%         N/A       99%         4
 Haunt                    Necr/Summ      0%         N/A       100%        7
 Infestation              Necr           0%         N/A       100%        8


Dungeon Overview and Level Annotations

Branches:
Dungeon (2/15)

Altars:


Innate Abilities, Weirdness & Mutations

((You are very nimble when in or above water. (Stealth+, EV+, Speed+++)))
Your lower body shifts to a powerful aquatic tail in water.


Message History

You block the ball python's attack. The ball python barely misses you.
You hit the ball python.
You kill the ball python!
You kill the hobgoblin!
You hit the ball python.
You kill the ball python!
You see here a ball python corpse.
You now have 110 gold pieces (gained 13).
A gnoll comes into view. It is wielding a +0 flail.
A gnoll is nearby!
A gnoll is nearby!
The gnoll shouts!
You hear a shout!
You throw a javelin. The javelin pierces through the gnoll!
The gnoll is severely wounded.
A gnoll comes into view. It is wielding a +0 spear.
A gnoll comes into view. It is wielding a +0 halberd.
The gnoll shouts!
You block the gnoll's attack.
The gnoll hits you from afar with a +0 spear.
The gnoll barely misses you. x2
You hit the gnoll.
The gnoll is poisoned.
The gnoll is almost dead.
The gnoll hits you with a +0 halberd! The gnoll hits you with a +0 flail.
* * * LOW HITPOINT WARNING * * *
The gnoll hits you but does no damage.
You hit the gnoll.
You kill the gnoll!
The gnoll barely misses you. The gnoll hits you with a +0 spear!
* * * LOW HITPOINT WARNING * * *
The gnoll closely misses you. You block the gnoll's attack.
Things that are here:
a +0 flail; a gnoll corpse
Found a stone staircase leading up.
Okay, then.
As you read the scroll labelled BEICUFR SUITEW, it crumbles to dust.
It is a scroll of identify.
k - 3 potions of curing You block the gnoll's attack.
You feel better.
The gnoll hits you from afar with a +0 halberd!
You die...

#.........###............#
#..~ ..#...†.....#
#............. ....
............###.....######.
....
#.....)..#.................
...
#........#.................
#......#...................
#......#..........gg.......
#......##.........##..(....
#......+........@..........
#......#...................
#..........................
#....................#.....
#..........................
####.......................
####......###..........<
#...#......##........#..
... #...##.....##........#.
....


You could see 2 gnolls.

Vanquished Creatures
  A gnoll (D:2)
  An adder (D:2)
  2 dart slugs (D:1)
  4 ball pythons
  3 goblins
  2 hobgoblins
  2 kobolds (D:2)
  2 quokkas
  2 bats (D:2)
  3 frilled lizards
  4 rats
26 creatures vanquished.

Notes
Turn   | Place    | Note
-------+----------+-------------------------------------------
     0 | D:1      | NinjaNoafa the Merfolk Gladiator began the quest for the
                  | Orb.
     0 | D:1      | Reached XP level 1. HP: 16/16 MP: 1/1
    57 | D:1      | Reached skill level 4 in Short Blades
   356 | D:1      | Reached XP level 2. HP: 22/22 MP: 2/2
   985 | D:2      | Reached XP level 3. HP: 24/27 MP: 3/3
  1059 | D:2      | Reached skill level 5 in Short Blades
  1306 | D:2      | HP: 1/27 [gnoll/+0 spear (7)]
  1311 | D:2      | Slain by a gnoll

Illustrated notes

Levels and vault maps discovered:
D:1:      lemuel_arrival_river_passageway, layout_rooms,
          serial_co_window_serial, co_window_paths_b, co_window_paths_a,
          co_window_paths_a, co_window_corner_a, co_window_paths_a,
          co_window_corner_cb, co_window_of_opportunity_b, co_window_2corner,
          co_window_broadway_c, co_window_corner_b, co_window_corner_b,
          minivault_27
D:2:      cheibrodos_pilgrimage, layout_basic

Skill      XL: |  1  2  3 |
---------------+----------+-----
Short Blades   | 4 5 |  5.5
Fighting       | |  2.1
Throwing       | |  2.0
Dodging        | |  4.0

Action                   || total
-------------------------++-------
Melee: Rapier            ||     6
       Dagger            ||    38
Throw: Javelin           ||     5
  Use: Scroll            ||     1
       Potion            ||     1
 Stab: Sleeping          ||     1
Armor: Leather armour    ||     5
Dodge: Dodged            ||    28
Block: Other             ||    14

Table legend: (Time is in decaauts)
 A = Elapsed time spent in this place.
 B = Non-inter-level travel time spent in this place.
 C = Inter-level travel time spent in this place.
 D = Time resting spent in this place.
 E = Time spent auto-exploring this place.
 F = Levels seen in this place.
 G = Mean time per level.
                   A        B        C        D        E       F      G
               +--------+--------+--------+--------+--------+-----+--------+
         Total |   1293 |   1215 |     78 |      0 |   1017 |   2 |  646.5 |
       Dungeon |   1293 |   1215 |     78 |      0 |   1017 |   2 |  646.5 |
               +--------+--------+--------+--------+--------+-----+--------+

Top non-repeatable levels by time:
     D:1: 933 daAuts
     D:2: 360 daAuts
